[Event "35th Roquetas Festival 2024"]
[Site "Roquetas de Mar"]
[Date "2024.01.03"]
[Round "3.4"]
[White "Stremavicius, Titas"]
[Black "Vergara Anton, Diego"]
[Result "1/2-1/2"]
[ECO "D37"]
[WhiteElo "2543"]
[BlackElo "2346"]
[Annotator "TA"]
[PlyCount "149"]
[EventDate "2024.01.02"]
[EventType "swiss"]
[EventCountry "ESP"]
[SourceTitle "playchess.com"]
[Source "ChessBase"]
[SourceQuality "1"]
[TimeControl "5400+30"]

1. d4 d5 2. c4 e6 3. Nc3 Nf6 4. Nf3 Be7 5. cxd5 exd5 6. Bf4 c6 7. e3 Bf5 8. Nh4 $1 {[%emt 0:00:21][%mdl 4] is now more promising than 8.Bd3. D35: Queen's Gambit Declined: Exchange Variation.} Bg6 (8... Bg4 $5 9. Be2 Bxe2 10. Qxe2 O-O $11) 9. Nxg6 hxg6 10. h4 {[%emt 0:00:56] [#] White is slightly better.} Bd6 $146 ({Predecessor:} 10... Nbd7 11. Bd3 Nf8 12. Qf3 Ne6 13. O-O-O Nxf4 14. Qxf4 Qd6 15. Qf3 O-O-O 16. g4 Rdf8 {0-1 Harikrishna,P (2711)-Radjabov,T (2745) Tata Steel India rapid 2023 (4)}) 11. Qf3 Bxf4 12. Qxf4 Nbd7 13. g4 Nf8 14. O-O-O Ne6 15. Qf3 Qe7 16. Kb1 O-O-O 17. Bd3 Ne8 18. h5 g5 19. Ne2 Nd6 20. Ng3 Kb8 21. Qe2 Qf6 22. Rc1 Rc8 23. Nf5 Nxf5 24. gxf5 Nc7 25. Qg4 Qe7 26. Rcg1 f6 27. Rh3 Ne8 28. f4 gxf4 29. Qxf4+ Qc7 30. Qxc7+ Rxc7 31. Rg6 Re7 32. Kc2 Kc7 33. Kd2 a5 34. b3 Kd7 35. a4 Kd6 36. Ke2 Kd7 37. Kf3 Kd6 38. Kf4 Kd7 39. Rh1 Rh7 40. h6 Rxh6 41. Rhxh6 gxh6 42. Rxh6 $11 {[%emt 0:00:24][%mdl 4096] Endgame KRB-KRN} Kc7 43. Bf1 Rg7 44. Be2 Rg2 45. Rh7+ Rg7 46. Rh6 Rg2 47. Bf3 Rg1 48. Rh7+ Rg7 49. Rh8 Nd6 50. Rh6 Rf7 51. Bh5 Rf8 52. Rh7+ Kb6 53. Bg6 Ne4 54. Kg4 Rd8 55. Kf4 Nd2 56. Rh2 Ne4 57. Rh6 Rg8 58. Rh7 Rd8 59. Bh5 Rg8 60. Bf3 Ng5 61. Rh6 Nxf3 62. Kxf3 {[%emt 0:00:02] KR-KR} Rf8 63. Kg4 Kc7 {[%emt 0:02:19] [#]} (63... c5 $1 $11 {keeps the balance.}) 64. Kh5 $1 $16 Re8 $2 (64... c5 $16) 65. Kg6 $2 (65. Rxf6 $18 b6 66. Rf7+ Kd6 67. Rb7) 65... Rxe3 $11 66. Kxf6 Rxb3 67. Kg7 {[%emt 0:00:04] Strongly threatening f6.} Rf3 $2 (67... Rg3+ $11 68. Rg6 Rf3) 68. f6 $18 Kd6 69. Rg6 $2 ({White should try} 69. Kf8 $18 b6 70. f7+ Kd7 71. Rh7) 69... Ke6 $11 {[%emt 0:00:41] The position is equal.} 70. Rg1 {[%emt 0:02:34] [#] And now Re1+ would win.} b5 $1 (70... Rxf6 71. Re1+ Kf5 72. Re5+ Kg4 73. Kxf6 $18) 71. Re1+ Kd7 72. f7 Rg3+ 73. Kf6 {[%emt 0:00:21] White wants to mate with Rf1.} Rf3+ 74. Kg7 Rg3+ 75. Kf6 {[%emt 0:00:08] Weighted Error Value: White=0.03 (flawless) /Black=0.04 (flawless)} 1/2-1/2

[Event "35th Roquetas Festival 2024"]
[Site "Roquetas de Mar"]
[Date "2024.01.03"]
[Round "3.5"]
[White "Luque Saiz, Andres"]
[Black "Fernandez, Daniel Howard"]
[Result "0-1"]
[ECO "B90"]
[WhiteElo "2328"]
[BlackElo "2525"]
[Annotator "TA"]
[PlyCount "82"]
[EventDate "2024.01.02"]
[EventType "swiss"]
[EventCountry "ESP"]
[SourceTitle "playchess.com"]
[Source "ChessBase"]
[SourceQuality "1"]
[TimeControl "5400+30"]

1. e4 {[%emt 0:00:02] Ramirez Alvarez,Alejandro} c5 2. Nf3 d6 3. d4 cxd4 4. Nxd4 Nf6 5. Nc3 a6 6. h3 g6 7. g3 {[%emt 0:02:49] [#] B90: Sicilian Najdorf: Unusual White 6th moves, 6 Be3 Ng4 and 6 Be3 e5.} b6 $146 ({Predecessor:} 7... Nc6 8. Be3 Bg7 9. Bg2 O-O 10. O-O Nd7 11. b3 Nxd4 12. Bxd4 Bxd4 13. Qxd4 b6 14. Nd5 Bb7 {½-½ Carlsen,M (2832)-Nakamura,H (2785) Norway Chess 5th 2017 (3)}) 8. Bg2 Bb7 9. O-O {[%emt 0:01:24] White is slightly better.} Nbd7 10. Re1 e5 11. Nb3 Qc7 12. a4 Rc8 13. Nd2 Bg7 14. Nf1 O-O 15. Ne3 Qb8 16. Ng4 Ne8 17. Nh6+ (17. Bg5 $14) 17... Kh8 $11 18. Nd5 Nef6 (18... Qa8 $15 {is superior.}) 19. Nc3 Nc5 20. Ng4 Ng8 21. Ne3 f5 22. Ned5 b5 23. axb5 axb5 24. b4 (24. exf5 $14 b4 25. Na4 (25. Nxb4 $2 Bxg2 {[%mdl 64] Discovered Attack} 26. Kxg2 Qxb4 $17)) 24... Nxe4 25. Bxe4 fxe4 26. Nxe4 {[%emt 0:00:10] A dynamic duo of knights.} (26. Ra5 $11 {and White stays safe.}) 26... Rc4 $19 27. c3 {[%emt 0:01:34] [#] Wards off Rd4} Rxe4 $1 28. Rxe4 Qc8 (28... Ne7 $19 29. Nxe7 (29. c4 $2 bxc4 30. Nc3 d5 $19) 29... Bxe4) 29. Ra7 $11 Bxd5 $1 {[%emt 0:00:33][%mdl 64] Remove Defender} 30. Qxd5 Nf6 {[%emt 0:00:02] Chess con chili.} (30... Qxh3 $2 31. Qb7 (31. Qxd6 Rxf2 {[%mdl 64] Decoy} 32. Kxf2 Qh2+ 33. Ke3 Qxg3+ 34. Ke2 Qg2+ 35. Kd3 Qf1+ 36. Kc2 Qf2+ 37. Kb3 Qxa7 $18) 31... Bf6 32. Rh4 $18) 31. Qd3 {[%emt 0:00:48] Rh4 would be deadly.} Nxe4 {[%emt 0:00:04][%mdl 64] Discovered Attack} (31... Qxh3 $2 32. Rh4 Qf5 33. Qxf5 (33. Qxb5 Ng4 $16) (33. Qxd6 g5 $16) 33... gxf5 34. c4 bxc4 35. Rxc4 $18) 32. Qxe4 {[%emt 0:00:05] Threatens to win with Be3.} Qxc3 33. Bg5 d5 34. Qe2 {[%emt 0:01:00] [#]} ({White should try} 34. Qe3 $1 $15 Qxe3 35. Bxe3) 34... e4 $1 $17 {[%emt 0:00:27] Hoping for ...Bd4.} ({Reject} 34... Qxb4 $6 35. Bh6 Qb1+ 36. Kh2 Bxh6 37. Qxe5+ Kg8 38. Qe6+ Kh8 39. Qe5+ Kg8 40. Qe6+ Kh8 41. Qe5+ $11) 35. Be7 {[%emt 0:03:42] Loses the game.} (35. Bd2 $17 Qb2 36. Qe3) 35... Bd4 $1 $19 36. Bxf8 Qxg3+ $40 {[%emt 0:00:13][%mdl 128] Black wants a kill.} ({Not} 36... Bxa7 37. Kg2 $17) 37. Kf1 Qxh3+ 38. Kg1 Bxa7 39. Qb2+ d4 {[%emt 0:00:02] aiming for ...Qg4+.} 40. Qc2 $2 (40. Bg7+ $19 Kg8 41. Qa2+ Kxg7 42. Qxa7+ Kh6 43. Qxd4) 40... Bb8 41. Qa2 Qh2+ {[%emt 0:01:06] A cool game by Fernandez.   Weighted Error Value: White=0.33/Black=0.11 (very precise)} (41... Bh2+ $142 42. Kh1 Bf4+ 43. Kg1 Qh2+ 44. Kf1 Qh1+ 45. Ke2 d3#) 0-1

[Event "35th Roquetas Festival 2024"]
[Site "Roquetas de Mar"]
[Date "2024.01.03"]
[Round "3.6"]
[White "Korneev, Oleg"]
[Black "Perea Fruet, Lorenzo"]
[Result "1-0"]
[ECO "B33"]
[WhiteElo "2474"]
[BlackElo "2323"]
[Annotator "TA"]
[PlyCount "139"]
[EventDate "2024.01.02"]
[EventType "swiss"]
[EventCountry "ESP"]
[SourceTitle "playchess.com"]
[Source "ChessBase"]
[SourceQuality "1"]
[TimeControl "5400+30"]

1. e4 c5 2. Nf3 Nc6 3. d4 cxd4 4. Nxd4 Nf6 5. Nc3 e6 6. Ndb5 Bc5 7. Bf4 O-O {[%emt 0:00:18] B45: Sicilian Four Knights.} 8. Bc7 $1 Qe7 9. Bd6 $1 Bxd6 {[%emt 0:00:04] White is slightly better.} 10. Qxd6 Qd8 11. O-O-O a6 12. Nd4 $36 {[%emt 0:00:02][%mdl 2048] White fights for an advantage.} Ne7 13. h4 b5 14. h5 Bb7 {[%emt 0:01:43] [#]} 15. h6 $146 {[%emt 0:01:10] Hoping for hxg7.} ({Predecessor:} 15. f3 Rc8 16. Kb1 Ne8 17. Qh2 b4 18. Nce2 d6 19. Nc1 e5 20. Nf5 a5 21. g4 {½-½ Bartlomowicz,J (1649)-Makhynia,K (2015) Lazy Baltic Pearl op-A 19th 2023 (5)}) 15... g6 16. Nb3 {[%emt 0:13:30] Black is weak on the dark squares} Nc8 (16... Bxe4 $2 17. Nxe4 Nxe4 18. Qe5 $18 (18. Qxd7 $2 Nxf2 19. Be2 Nxh1 $19)) 17. Qd4 {[%emt 0:02:15] White is much more active. The black rooks are badly placed.} Bc6 {[%emt 0:03:34] [#]} 18. Na5 $1 {[%emt 0:17:09][%mdl 64] And now Nxc6 would win. Deflection} Qe7 {[%emt 0:06:16] [#]} (18... Na7 19. Be2) 19. Nxc6 (19. f4 $1 $16) 19... dxc6 $11 20. Qe5 (20. e5 $5 Nd5 21. Ne4 $14) 20... Ra7 {[%emt 0:10:58] Prevents Rd7} 21. Be2 Nb6 22. f3 Ne8 23. Rd2 Nd7 24. Qd4 Rc7 25. e5 c5 26. Qf4 f6 27. exf6 Qxf6 (27... Ndxf6 $14 28. Qe5 c4) 28. Qxf6 $16 Ndxf6 29. a4 bxa4 (29... c4 $16) 30. Bxa6 $18 a3 (30... Ra7 {keeps fighting.}) 31. bxa3 Ra7 32. Bc4 Nc7 33. a4 Nfd5 34. Nxd5 ({But not} 34. Bxd5 $6 exd5 35. Nxd5 Rxa4 $16) 34... Nxd5 35. Bxd5 exd5 36. Rxd5 Rxa4 {[%emt 0:00:30][%mdl 4096] Endgame ...Ra1+ would be deadly. KRR-KRR} 37. Kd2 (37. Rxc5 $2 {perishes.} Ra1+ 38. Kd2 Rxh1 $19) 37... Rc8 38. Rd7 {[%emt 0:03:05] Against Rc7} Rf4 39. Ke3 Ra4 40. Rhd1 {[%emt 0:04:20] Rg7+ is the strong threat.} Re8+ $2 (40... Rh4 {was worth a try.} 41. Rg7+ Kh8) 41. Kf2 {[%emt 0:00:02] Threatening mate with Rg7+.} Rh4 42. Rg7+ Kh8 {[%emt 0:00:08] [#]} 43. Re7 $3 {[%emt 0:00:21][%cal Re7e8][%mdl 576] Deflection, Back Rank} Rb8 (43... Ra8 44. Rd5) 44. Rd5 c4 45. Rc5 Rd8 46. Rec7 Rxh6 47. Rc8 $2 (47. Rxc4 $18 {Threatens to win with Re4.} g5 48. Rb7) 47... Rxc8 $14 48. Rxc8+ {[%emt 0:00:03] KR-KR} Kg7 49. Rxc4 Kf6 50. Re4 Rh5 51. c4 Ra5 52. Re2 {[%emt 0:00:52] aiming for Ke3.} h5 53. Rc2 Rc5 54. Ke3 {[%emt 0:01:40] Strongly threatening Kd4.} Ke5 55. f4+ (55. Kd3 $14) 55... Kf5 $2 (55... Ke6 $11) 56. Kf3 $2 ({White should play} 56. Kd4 $18 Rc8 57. Rc3) 56... Ra5 57. Rc3 {[%emt 0:00:13] Black must now prevent c5.} h4 $2 (57... Rc5 $14) 58. c5 $18 {[%emt 0:00:47] White is clearly winning.} Ra4 59. c6 Rxf4+ 60. Ke3 Re4+ 61. Kd3 Re8 62. Kd4 g5 63. c7 Rc8 64. Kd5 g4 65. Kd6 Rh8 66. Kd7 ({Less strong is} 66. c8=B+ Kf4 $14) 66... Rh7+ {[%emt 0:00:37] [#]} 67. Kc6 $1 Rh8 68. Kb7 g3 69. c8=Q+ Rxc8 70. Rxc8 {[%emt 0:01:07] Weighted Error Value: White=0.31/Black=0.32} (70. Kxc8 $18 Ke4 71. Kd7) 1-0

[Event "35th Roquetas Festival 2024"]
[Site "Roquetas de Mar"]
[Date "2024.01.03"]
[Round "3.7"]
[White "Alshameary Puente, Ismael"]
[Black "Camacho Collados, Marcos"]
[Result "1-0"]
[ECO "E40"]
[WhiteElo "2317"]
[BlackElo "2466"]
[Annotator "TA"]
[PlyCount "74"]
[EventDate "2024.01.02"]
[EventType "swiss"]
[EventCountry "ESP"]
[SourceTitle "playchess.com"]
[Source "ChessBase"]
[SourceQuality "1"]
[TimeControl "5400+30"]

1. d4 Nf6 2. c4 e6 3. Nc3 Bb4 4. e3 Bxc3+ 5. bxc3 b6 (5... c5 6. Bd3 b6 7. e4 Bb7 8. f3 d6 9. Ne2 Qe7 10. d5 e5 11. a4 a5 12. Ng3 g6 13. h4 Nbd7 14. Bh6 O-O-O 15. Qd2 Rhg8 16. Bg5 Kc7 17. Nf1 h5 {0-1 Alshameary Puente,I (2307)-Camacho Collados,M (2474) ESP-ch 88th Marbella 2023 (5)}) 6. Bd3 Bb7 7. f3 Nc6 {[%emt 0:01:09] E43: Nimzo-Indian: Rubinstein: 4...b6.} 8. e4 d6 9. Ne2 Qe7 {[%emt 0:00:40] White has an edge.} 10. O-O Nd7 11. Be3 {[%emt 0:02:48] [#]} O-O-O $146 ({Predecessor:} 11... h5 12. Nc1 f6 13. Nb3 Qf7 14. a4 a5 15. f4 Ne7 16. Rb1 f5 17. e5 h4 {1-0 Grachev,B (2593)-Sjugirov,S (2709) RUS-chT Rapid 2022 (6.6)}) 12. Nc1 f5 13. Nb3 g5 14. a4 f4 15. Bf2 g4 16. fxg4 h5 17. gxh5 ({White should play} 17. Be1 $11) 17... Rdg8 $1 $15 {[%emt 0:00:24] ...Qg5 would be deadly.} 18. Be2 Qg5 (18... Qg7 $1 $15 19. Bf3 Rxh5) 19. Bf3 $1 $11 (19. g3 Nf6 20. Qd3 Na5 $19) 19... Rxh5 {[%emt 0:00:40][%cal Oa7a5][%mdl 64] Deflection} 20. a5 {[%emt 0:02:49] [#]} Qg6 $1 {[%emt 0:02:46] Strongly threatening ...Rg5.} 21. a6 {[%emt 0:02:29] Really sharp!} (21. Bxh5 $2 Qxg2#) (21. Qe2 Rh7) 21... Ba8 22. Ra2 (22. Bxh5 $2 Qxg2#) (22. Qe2 $11 {keeps the balance.}) 22... Rh6 (22... Nce5 $17 {And now ...Nxf3+ would win.} 23. dxe5 (23. Bxh5 $2 Qxg2#) 23... Nxe5) 23. Qc1 $2 {[%emt 0:03:18] [#]} (23. Re1 $11 {and White has nothing to worry.}) 23... Qf6 $2 (23... Nce5 $1 $19 24. dxe5 Nxe5) 24. Be1 e5 {[%emt 0:03:57][%cal Re5d4][%mdl 1024] Black has compensation.} 25. d5 $36 {[%emt 0:00:42][%mdl 2048] Black is under pressure.} Ne7 26. g3 Qh8 27. Rg2 $1 Nf6 $2 ({Black should try} 27... fxg3 $14 28. Bxg3 Rhg6) 28. gxf4 $18 Ng6 29. fxe5 Nxe5 30. Qf4 Kb8 $2 (30... Nfd7 {might work better.} 31. Nd4 Rhg6) 31. Nd4 (31. Rxg8+ $142 Qxg8+ 32. Bg3) 31... Nd3 (31... Rhg6 $142 32. Bg3 Nxc4) 32. Qe3 Ne5 33. Bg3 {[%emt 0:00:55][%cal Oc4c5] Black must now prevent c5!} Rxg3 $2 (33... Nfd7 34. Qe2 Re8) 34. Rxg3 {[%emt 0:00:21] White is clearly winning.} (34. hxg3 $2 {loses.} Rh1+ 35. Kf2 Nfg4+ 36. Bxg4 Nxg4+ 37. Ke2 Nxe3 38. Rxh1 Qxh1 $19) 34... Rxh2 35. Bg2 {[%emt 0:01:58][%cal Of1f6] Rxf6! is the strong threat.} Nfg4 36. Qe2 Rh4 37. Nf5 Nh2 {[%emt 0:01:06] A cool game by Alshameary Puente.   Weighted Error Value: White=0.37/Black=0.54} 1-0

[Event "35th Roquetas Festival 2024"]
[Site "Roquetas de Mar"]
[Date "2024.01.03"]
[Round "3.8"]
[White "Macias Pino, Diego"]
[Black "Garrido Diaz, Jose Antonio"]
[Result "1-0"]
[ECO "B40"]
[WhiteElo "2456"]
[BlackElo "2291"]
[Annotator "RC"]
[PlyCount "33"]
[EventDate "2024.01.02"]
[EventType "swiss"]
[EventCountry "ESP"]
[SourceTitle "playchess.com"]
[Source "ChessBase"]
[SourceQuality "1"]
[TimeControl "5400+30"]

1. e4 c5 2. Nf3 e6 3. d4 cxd4 4. Nxd4 Nf6 5. Nc3 Nc6 6. Ndb5 Bb4 7. Bf4 Nxe4 8. Qf3 d5 9. Nc7+ Kf8 10. Nxa8 e5 11. Bd2 Nd4 12. Qd3 Qh4 13. Nxe4 Bxd2+ 14. Nxd2 Bf5 15. Qa3+ Kg8 16. Bd3 e4 17. Qa4 1-0

[Event "35th Roquetas Festival 2024"]
[Site "Roquetas de Mar"]
[Date "2024.01.03"]
[Round "3.9"]
[White "Del Prado Rodriguez, Xulio"]
[Black "Espinosa Aranda, Angel"]
[Result "1-0"]
[ECO "E49"]
[WhiteElo "2294"]
[BlackElo "2431"]
[Annotator "RC"]
[PlyCount "45"]
[EventDate "2024.01.02"]
[EventType "swiss"]
[EventCountry "ESP"]
[SourceTitle "playchess.com"]
[Source "ChessBase"]
[SourceQuality "1"]
[TimeControl "5400+30"]

1. d4 Nf6 2. c4 e6 3. Nc3 Bb4 4. e3 O-O 5. Bd3 d5 6. a3 Bxc3+ 7. bxc3 dxc4 8. Bxc4 c5 9. Nf3 Qc7 10. Be2 b6 11. Bb2 Ba6 12. c4 cxd4 13. Nxd4 Rd8 14. Bf3 Bb7 15. Nb5 Rxd1+ 16. Rxd1 Qe7 17. Bxb7 a6 18. Nd6 Nbd7 19. Bxa8 h5 20. O-O Nc5 21. Bxf6 gxf6 22. Bf3 h4 23. Bh5 1-0

[Event "35th Roquetas Festival 2024"]
[Site "Roquetas de Mar"]
[Date "2024.01.03"]
[Round "3.10"]
[White "Stremavicius, Pijus"]
[Black "Iglesias Ferreira, Andres"]
[Result "1-0"]
[ECO "B67"]
[WhiteElo "2393"]
[BlackElo "2278"]
[Annotator "RC"]
[PlyCount "35"]
[EventDate "2024.01.02"]
[EventType "swiss"]
[EventCountry "ESP"]
[SourceTitle "playchess.com"]
[Source "ChessBase"]
[SourceQuality "1"]
[TimeControl "5400+30"]

1. e4 c5 2. Nf3 d6 3. d4 cxd4 4. Nxd4 Nf6 5. Nc3 Nc6 6. Bg5 e6 7. Qd2 a6 8. O-O-O Bd7 9. Kb1 Nxd4 10. Qxd4 Be7 11. h4 h5 12. f4 Bc6 13. Be2 b5 14. Bf3 b4 15. Qxb4 d5 16. Qd4 dxe4 17. Nxe4 Rc8 18. Nxf6+ 1-0

[Event "35th Roquetas Festival 2024"]
[Site "Roquetas de Mar"]
[Date "2024.01.03"]
[Round "3.11"]
[White "Fiorito, Fabian"]
[Black "Fiorito, Francisco"]
[Result "1/2-1/2"]
[ECO "C43"]
[WhiteElo "2274"]
[BlackElo "2370"]
[Annotator "RC"]
[PlyCount "25"]
[EventDate "2024.01.02"]
[EventType "swiss"]
[EventCountry "ESP"]
[SourceTitle "playchess.com"]
[Source "ChessBase"]
[SourceQuality "1"]
[TimeControl "5400+30"]

1. e4 e5 2. Nf3 Nf6 3. d4 Nxe4 4. Bd3 d5 5. Nxe5 Nd7 6. Nxf7 Kxf7 7. Qh5+ Ke6 8. Qg4+ Kf7 9. Qh5+ Ke6 10. Qg4+ Kf7 11. Qh5+ Ke6 12. Qg4+ Kf7 13. Qh5+ 1/2-1/2

[Event "35th Roquetas Festival 2024"]
[Site "Roquetas de Mar"]
[Date "2024.01.03"]
[Round "3.12"]
[White "Habans Aguerrea, Javier"]
[Black "Jimenez Freniche, David"]
[Result "1-0"]
[ECO "A34"]
[WhiteElo "2368"]
[BlackElo "1849"]
[Annotator "RC"]
[PlyCount "73"]
[EventDate "2024.01.02"]
[EventType "swiss"]
[EventCountry "ESP"]
[SourceTitle "playchess.com"]
[Source "ChessBase"]
[SourceQuality "1"]
[TimeControl "5400+30"]

1. c4 c5 2. Nf3 Nf6 3. Nc3 d5 4. cxd5 Nxd5 5. e4 Nxc3 6. dxc3 Qxd1+ 7. Kxd1 a6 8. h3 Nc6 9. Be3 b6 10. Kc2 g6 11. Nd2 Ne5 12. a4 Nd7 13. Be2 Bb7 14. f3 Bg7 15. Rhd1 O-O 16. Nc4 Bc6 17. Rxd7 Bxd7 18. Nxb6 Rad8 19. Nxd7 Rxd7 20. Bxa6 Rfd8 21. Bb5 Rc7 22. a5 Be5 23. a6 Kf8 24. f4 Bd4 25. Bd2 Bg7 26. Bc4 e6 27. Ra5 Bf6 28. e5 Be7 29. Be3 Ra8 30. g4 Rc6 31. Ra1 Rd8 32. f5 exf5 33. gxf5 gxf5 34. a7 Rcc8 35. Bh6+ Kg8 36. Rg1+ Kh8 37. Bxf7 1-0

[Event "35th Roquetas Festival 2024"]
[Site "Roquetas de Mar"]
[Date "2024.01.03"]
[Round "3.13"]
[White "Bernadskiy, Vitaliy"]
[Black "Rodriguez Lopez, Rafael"]
[Result "1-0"]
[ECO "B90"]
[WhiteElo "2566"]
[BlackElo "2152"]
[Annotator "TA"]
[PlyCount "49"]
[EventDate "2024.01.02"]
[EventType "swiss"]
[EventCountry "ESP"]
[SourceTitle "playchess.com"]
[Source "ChessBase"]
[SourceQuality "1"]
[TimeControl "5400+30"]

1. e4 c5 2. Nf3 d6 3. d4 cxd4 4. Nxd4 Nf6 5. Nc3 a6 6. a4 e6 7. Bd3 {[%emt 0:00:15] 7.a5 is the modern continuation.} Nc6 {[%emt 0:01:19] B90: Sicilian Najdorf: Unusual White 6th moves, 6 Be3 Ng4 and 6 Be3 e5.} 8. Nxc6 bxc6 9. a5 Bb7 {[%emt 0:02:09] The position is equal.} 10. O-O c5 {[%emt 0:00:38] [#]} 11. Qf3 $146 ({Predecessor:} 11. Bf4 Qc7 12. Qe2 Nd7 13. Bc4 Be7 14. Rfd1 O-O 15. Qd2 Ne5 16. Bxe5 dxe5 17. Qd7 {1-0 Kamsky,G (2634)-Martinez Alcantara,J (2611) Titled Tuesday intern op 14th Nov Early blitz 2023 (10)}) 11... Be7 12. Qg3 O-O 13. Rd1 Qc7 14. Bh6 {[%emt 0:01:09][%csl Gh6][%cal Rg3g7] [#]} Ne8 15. Bf4 Rd8 16. Bc4 Bf6 17. Re1 $36 {[%emt 0:05:12][%mdl 2048] Black is under pressure.} Qc6 18. Be2 d5 ({Don't do} 18... Bxc3 19. bxc3 Qc8 20. f3 $14) (18... Rb8 $11) 19. exd5 $14 {[%emt 0:02:04] White is more active.} exd5 20. Bf3 {[%emt 0:00:20] aiming for Nxd5.} Bd4 $2 {[%emt 0:06:11][%mdl 8192] [#] This costs Black the game.} (20... c4 $14) 21. Nxd5 $1 $18 {Ne7+ is the strong threat.} Rxd5 22. c4 {[%emt 0:02:59][%mdl 64] Prevents Qb5. Pin} Nf6 23. cxd5 ({Weaker is} 23. Bxd5 Nxd5 24. cxd5 Qxd5 $18) 23... Nxd5 (23... Qb5 $142 24. Rad1 g6) 24. Be5 Bxe5 25. Rxe5 {[%emt 0:00:20] Weighted Error Value: White=0.08 (flawless) /Black=0.65} 1-0

[Event "35th Roquetas Festival 2024"]
[Site "Roquetas de Mar"]
[Date "2024.01.03"]
[Round "3.14"]
[White "Cuenca Jimenez, Jose Fernando"]
[Black "Gomez Sanjuan, Hector Fernando"]
[Result "1-0"]
[ECO "A45"]
[WhiteElo "2514"]
[BlackElo "2139"]
[Annotator "TA"]
[PlyCount "57"]
[EventDate "2024.01.02"]
[EventType "swiss"]
[EventCountry "ESP"]
[SourceTitle "playchess.com"]
[Source "ChessBase"]
[SourceQuality "1"]
[TimeControl "5400+30"]

1. d4 Nf6 2. Bf4 c5 3. d5 b5 4. e4 Qa5+ 5. Qd2 {[%emt 0:06:53] [#]} Qxd2+ $146 ({Predecessor:} 5... b4 6. e5 Nh5 7. Be3 g6 8. Na3 d6 9. Nc4 Qc7 10. Be2 Ba6 11. g4 Ng7 12. exd6 exd6 {1-0 Farokhi,K (2266)-Albert,M (2232) GER-ch U18 Willingen 2023 (5)}) 6. Nxd2 {[%emt 0:01:09] A45: Trompowsky Attack.} b4 7. a3 bxa3 (7... e6 $142) 8. Rxa3 $16 {[%emt 0:00:04] White is clearly better.} d6 9. Bb5+ Bd7 10. Bd3 {[%emt 0:07:04] White is much more active.} g6 11. h3 Bg7 12. c3 ({White should play} 12. Nc4) 12... O-O 13. Ngf3 Bc8 14. O-O Rd8 15. Nc4 {[%emt 0:13:19] Nb6 is the strong threat.} Ba6 {[%emt 0:04:58] [#]} 16. Nfd2 $1 Rd7 17. Rfa1 Bxc4 18. Nxc4 {[%emt 0:03:04] Hoping for Nb6.} Rb7 {[%emt 0:00:06] Against Nb6} 19. R1a2 Nfd7 20. Bc2 {[%emt 0:02:34] Black is weak on the light squares} Nb6 (20... a6 $142 21. Ba4 Rc7) 21. Nxb6 $18 Rxb6 22. Rxa7 Rxa7 23. Rxa7 Rxb2 24. Rxe7 Rxc2 25. Re8+ ({Less strong is} 25. Bxd6 Bxc3 26. Re8+ (26. Bxb8 Kf8 $16) 26... Kg7 $16) 25... Bf8 26. Rxb8 {[%emt 0:00:18] [#] White wants to mate with Bh6.} Kg7 {[%emt 0:00:19] Prevents Bh6+} 27. e5 g5 $2 (27... dxe5 28. Bxe5+ f6) 28. Bxg5 {[%emt 0:01:15] Black must now prevent Bf6+.} dxe5 29. Rb6 {[%emt 0:00:02] Weighted Error Value: White=0.06 (flawless) /Black=0.32} 1-0

[Event "35th Roquetas Festival 2024"]
[Site "Roquetas de Mar"]
[Date "2024.01.03"]
[Round "3.15"]
[White "Rodriguez Garcia, Manuel Francisco"]
[Black "Huerga Leache, Mikel"]
[Result "1-0"]
[ECO "A13"]
[WhiteElo "2130"]
[BlackElo "2424"]
[Annotator "RC"]
[PlyCount "63"]
[EventDate "2024.01.02"]
[EventType "swiss"]
[EventCountry "ESP"]
[SourceTitle "playchess.com"]
[Source "ChessBase"]
[SourceQuality "1"]
[TimeControl "5400+30"]

1. c4 e6 2. Nc3 d5 3. e3 Nf6 4. Nf3 c5 5. d4 Nc6 6. a3 a6 7. cxd5 exd5 8. dxc5 Bxc5 9. Be2 O-O 10. O-O Re8 11. b4 Bb6 12. Bb2 Bc7 13. Qd3 Qd6 14. Rfd1 Be6 15. g3 Rad8 16. Rac1 Bg4 17. Na4 Bb8 18. Nc5 Re7 19. Qc2 Rc8 20. Ng5 Ne5 21. Bxe5 Rxe5 22. Bxg4 Rc7 23. Nf3 Nxg4 24. Nxe5 Qxe5 25. Qe2 Qh5 26. h4 h6 27. Rd4 f5 28. Rxd5 Kh7 29. Qf3 Rf7 30. Nd7 Ba7 31. Rc8 g6 32. Nf8+ 1-0

[Event "35th Roquetas Festival 2024"]
[Site "Roquetas de Mar"]
[Date "2024.01.03"]
[Round "3.16"]
[White "Fiorito, Joaquin"]
[Black "Navarro Martinez, Victor"]
[Result "1-0"]
[ECO "D31"]
[WhiteElo "2401"]
[BlackElo "2124"]
[Annotator "RC"]
[PlyCount "81"]
[EventDate "2024.01.02"]
[EventType "swiss"]
[EventCountry "ESP"]
[SourceTitle "playchess.com"]
[Source "ChessBase"]
[SourceQuality "1"]
[TimeControl "5400+30"]

1. d4 d5 2. c4 e6 3. Nc3 h6 4. Nf3 Nf6 5. cxd5 exd5 6. Bf4 Bd6 7. e3 O-O 8. Bd3 Bxf4 9. exf4 Bg4 10. O-O Qd6 11. h3 Bxf3 12. Qxf3 Nc6 13. Ne2 Rfe8 14. Rac1 a6 15. Rfd1 Re7 16. a3 Rae8 17. b4 Nd8 18. Ng3 g6 19. f5 g5 20. Nh5 Nxh5 21. Qxh5 Nc6 22. h4 Qf6 23. hxg5 Qxg5 24. Qxg5+ hxg5 25. Bxa6 Re4 26. Bxb7 Nxd4 27. f3 Rf4 28. Re1 Re2 29. Bxd5 Rb2 30. Rxc7 Ne2+ 31. Rxe2 Rxe2 32. Bxf7+ Kf8 33. Be6 Rd4 34. Rf7+ Ke8 35. Rg7 Re3 36. Rxg5 Ke7 37. b5 Rxa3 38. b6 Kf6 39. Rg6+ Ke5 40. b7 Rb4 41. Bc8 1-0